 Dungeon Crawl Stone Soup version 0.31.0-12-g77e489cdc1 (webtiles) character file.

Game seed: 6198654705061959030

24821 Doot the Destroyer (level 12, 0/82 (85) HPs)
             Began as a Demigod Conjurer on Mar 1, 2024.
             Killed from afar by a deep elf death mage (20 damage)
             ... with a bolt of negative energy
             ... on level 1 of the Elven Halls on Mar 2, 2024.
             The game lasted 00:29:39 (15862 turns).

Doot the Destroyer (Demigod Conjurer)              Turns: 15862, Time: 00:29:40

HP:   0/82 (85)     AC:  9    Str: 12    XL:     12   Next: 49%
MP:   1/40          EV: 13    Int: 32    God:
Gold: 718           SH:  5    Dex: 15    Spells: 12/32 levels left

rFire   + + .        L - +10 war axe of Floods {venom, rElec rF+ rC- Dex+3}
rCold   + . .        (no shield)
rNeg    . . .        M - +3 leather armour "Juv Byi" {+Inv rC+++ Stlth-}
rPois   .            (no helmet)
rElec   +            P - +0 cloak
rCorr   .            n - +1 Delatra's gloves {ID++}
SInv    .            (no boots)
Will    +....        C - amulet of reflection
Stlth   +            B - ring of magical power
HPRegen 0.33/turn    I - ring of fire
MPRegen 0.27/turn

%: reflection
@: very slightly contaminated, lightly drained
A: high MP 1, forlorn, divine attributes
a: Evoke Invisibility


You were on level 1 of the Elven Halls.
You visited 3 branches of the dungeon, and saw 12 of its levels.
You also visited: Volcano.

You collected 1608 gold pieces.
You spent 890 gold pieces at shops.

Inventory:

Hand Weapons
 k - a +0 dagger
 u - a +1 short sword of draining
 L - the +10 war axe of Floods (weapon) {venom, rElec rF+ rC- Dex+3}
   (You found it on level 9 of the Dungeon)

   Dex+3:     It affects your dexterity (+3).
   rF+:       It protects you from fire.
   rC-:       It makes you vulnerable to cold.
   rElec:     It insulates you from electricity.
 O - a +0 scimitar of flaming
Missiles
 J - 6 curare-tipped darts
Armour
 a - a +0 robe
 n - the +1 Delatra's gloves (worn) {ID++}
   (You found it on level 2 of the Dungeon)

   ID++:      It heals its wearer when they drink unknown potions, and restores
   their MP when they read unknown scrolls.
 o - a +4 scale mail of fire resistance
 H - +0 acid dragon scales
 M - the +3 leather armour "Juv Byi" (worn) {+Inv rC+++ Stlth-}
   (You bought it in a shop on level 9 of the Dungeon)

   rC+++:     It renders you almost immune to cold.
   +Inv:      It lets you turn invisible.
   Stlth-:    It makes you less stealthy.
 N - a +2 chain mail of fire resistance
 P - a +0 cloak (worn)
Jewellery
 B - a ring of magical power (left hand)
 C - an amulet of reflection (around neck)
 I - a ring of fire (right hand)
Talismans
 c - a flux talisman
Wands
 s - a wand of flame (19)
 K - a wand of polymorph (1)
Scrolls
 d - a scroll of noise {unknown}
 e - 3 scrolls of blinking {unknown}
 g - 4 scrolls of identify
 i - 3 scrolls of enchant weapon {unknown}
 j - a scroll of brand weapon {unknown}
 l - a scroll of revelation {unknown}
 t - a scroll of acquirement {unknown}
 w - 2 scrolls of fear
 x - 3 scrolls of fog {unknown}
 y - a scroll of teleportation
 z - a scroll of poison {unknown}
 A - a scroll of immolation {unknown}
 D - a scroll of amnesia {unknown}
 E - 2 scrolls of enchant armour {unknown}
Potions
 b - a potion of magic
 f - 2 potions of curing
 h - a potion of resistance {unknown}
 m - 4 potions of brilliance
 p - a potion of might {unknown}
 q - 2 potions of mutation {unknown}
 r - 5 potions of degeneration
 v - 2 potions of haste
 F - 3 potions of heal wounds {unknown}
 G - 2 potions of invisibility {unknown}


   Skills:
 + Level 1.8 Fighting
 + Level 2.3 Short Blades
 + Level 0.5 Axes
 + Level 0.1 Throwing
 + Level 2.3 Armour
 + Level 3.9 Dodging
 + Level 4.0 Stealth
 + Level 2.4 Shields
 * Level 10.7 Spellcasting
 * Level 11.8 Conjurations
 + Level 3.0 Translocations
 * Level 8.4 Earth Magic
 + Level 1.0 Alchemy
 * Level 4.0 Evocations


You had 12 spell levels left.
You knew the following spells:

 Your Spells              Type           Power      Damage    Failure   Level
a - Magic Dart            Conj           100%       1d8       1%          1
b - Searing Ray           Conj           100%       2d8       1%          2
c - Fulminant Prism       Conj/Alch      27%        3d14      2%          4
d - Iskenderun's Mystic   Conj/Tloc      59%        2d12      1%          4
e - Stone Arrow           Conj/Erth      100%       3d13      1%          3
f - Bombard               Conj/Erth      35%        9d6       9%          6

Your spell library contained the following spells:

 Spells                   Type           Power      Damage    Failure   Level
 Apportation              Tloc           72%        N/A       1%          1
 Sting                    Conj/Alch      100%       1d9       1%          1
 Lesser Beckoning         Tloc           72%        N/A       1%          2
 Hailstorm                Conj/Ice       53%        3d10      1%          3
 Necrotise                Necr           68%        1d7       3%          1
 Summon Small Mammal      Summ           68%        N/A       3%          1
 Gell's Gravitas          Tloc           36%        N/A       3%          3
 Teleport Other           Tloc           36%        N/A       3%          3
 Flame Wave               Conj/Fire      70%        2d16      3%          4
 Lee's Rapid Deconstruct  Erth           31%        3d16*     3%          5
 Ensorcelled Hibernation  Hex/Ice        34%        N/A       5%          2
 Scorch                   Fire           50%        2d7       5%          2
 Leda's Liquefaction      Alch/Erth      23%        N/A       5%          4
 Petrify                  Alch/Erth      47%        N/A       5%          4
 Animate Armour           Summ/Erth      88%        N/A       6%          4
 Frozen Ramparts          Ice            34%        1d6       11%         3
 Fugue of the Fallen      Necr           17%        N/A       11%         3
 Summon Ice Beast         Ice/Summ       17%        N/A       11%         3
 Anguish                  Hex/Necr       8%         N/A       34%         4
 Metabolic Englaciation   Hex/Ice        8%         N/A       69%         5
 Lehudib's Crystal Spear  Conj/Erth      35%        10d9      98%         8
 Sculpt Simulacrum        Ice/Alch       10%        N/A       99%         6
 Summon Cactus Giant      Summ           8%         N/A       99%         6


Dungeon Overview and Level Annotations

Branches:
Dungeon (9/15)             Temple (0/1) D:5            Lair (0/5) D:8
    Orc (2/2) D:9             Elf (1/3) Orc:2       Volcano (visited)

Shops:
D:5 [   D:8 :   D:9 ((*   Orc:2 *:!*


Innate Abilities, Weirdness & Mutations

You have an increased reservoir of magic. (+10% MP)
You shall have no god before yourself.
Your divine heritage dramatically boosts your attributes as you level up.


Message History

The deep elf archer blinks!
You block the deep elf death mage's attack.
Aiming: Throw Flame
Press: ? - help, Shift-Dir - straight line, f/p - deep elf archer
Aim: a deep elf archer, wielding a +0 short sword and wearing a +0 leather armour (heavily wounded, repelling missiles, 25% to hit)
The puff of flame hits the deep elf death mage.
The deep elf death mage is severely wounded.
The deep elf death mage hits you with a +0 rapier!
Unknown command.
Unknown command.
Aiming: Throw Flame
Press: ? - help, Shift-Dir - straight line, f/p - deep elf archer
Aim: a deep elf archer, wielding a +0 short sword and wearing a +0 leather armour (heavily wounded, repelling missiles, 25% to hit)
The puff of flame misses the deep elf death mage.
The puff of flame hits the lost soul.
The lost soul resists.
The lost soul is lightly damaged.
You block the deep elf death mage's attack.
Unknown command.
Aiming: Throw Flame
Press: ? - help, Shift-Dir - straight line, f/p - deep elf archer
Aim: a deep elf archer, wielding a +0 short sword and wearing a +0 leather armour (heavily wounded, repelling missiles, 25% to hit)
The puff of flame hits the deep elf death mage.
The deep elf death mage is severely wounded.
The deep elf death mage beckons forth restless souls!
Unknown command.
Casting: Stone Arrow (safe; 1% risk of failure)
Confirm with . or Enter, or press ? or * to list all spells.
Aiming: Magic Dart (safe; 1% risk of failure)
Press: ? - help, Shift-Dir - straight line, f/p - deep elf archer
Aim: a deep elf archer, wielding a +0 short sword and wearing a +0 leather armour (heavily wounded, repelling missiles, 100% to hit)
The magic dart hits the deep elf death mage.
The deep elf death mage is severely wounded.
The lost soul fades away!
The deep elf death mage hits you with a +0 rapier!
* * * LOW HITPOINT WARNING * * *
You completely miss the deep elf death mage.
The deep elf death mage is severely wounded.
The deep elf death mage gestures at you while chanting.
The bolt of negative energy hits you!!
You feel drained.
You die...

##### ###############
#..^#####**...).....$e##
#.<).).@e.e8..8..##.#)##
#...#####.*.........#)#.
##### #############).#
##.## ##.## #.## ###


You could see a deep elf death mage, a deep elf archer (repels missiles) and 3
lost souls.

Vanquished Creatures
  A deep elf sorcerer (Elf:1)
  A red draconian (Volcano)
  Erica (D:8)
  A two-headed ogre (Orc:1)
  A dancing weapon (Elf:1)
  Urug (Orc:1)
  A salamander mystic (Volcano)
  2 deep elf knights (Elf:1)
  A deep elf archer (Elf:1)
  An orc knight (Orc:1)
  5 deep elf pyromancers (Elf:1)
  2 deep elf zephyrmancers (Elf:1)
  2 orc sorcerers
  4 salamanders (Volcano)
  A faun (Orc:2)
  4 kobold blastminers
  4 kobold demonologists
  2 trolls
  Sigmund (D:3)
  A wyvern (D:8)
  5 yaks (D:7)
  2 wargs (Orc:1)
  A fire elemental (Elf:1)
  A steam dragon (D:9)
  An acid dragon (D:8)
  A water moccasin (D:9)
  38 orc warriors
  2 black bears (D:5)
  3 ogres
  10 centaurs
  A phantom (D:7)
  5 kobold brigands
  A bullfrog (D:8)
  5 scorpions
  12 killer bees
  4 howler monkeys
  3 bombardier beetles
  A gnoll bouda (D:5)
  6 hounds
  17 orc priests
  A sleepcap (D:4)
  17 orc wizards
  Natasha (thrice) (D:3)
  2 iguanas (D:5)
  Terence (D:3)
  3 gnolls (D:5)
  4 adders
  6 white imps
  2 ufetubi (D:6)
  2 ribbon worms
  A dart slug (D:2)
  76 orcs
  3 bats
  2 endoplasms (D:2)
  4 giant cockroaches
  4 goblins
  5 hobgoblins
  7 jackals
  3 quokkas
  8 ball pythons
  5 frilled lizards
  25 kobolds
  3 rats
343 creatures vanquished.

Vanquished Creatures (others)
  Sonja (Orc:1)
  2 kobolds
  12 fulminant prisms
15 creatures vanquished.

Grand Total: 358 creatures vanquished

Notes
Turn   | Place    | Note
-------+----------+-------------------------------------------
     0 | D:1      | Doot the Demigod Conjurer began the quest for the Orb.
     0 | D:1      | Reached XP level 1. HP: 14/14 MP: 5/5
  1186 | D:2      | Reached skill level 4 in Conjurations
  1291 | D:2      | Reached XP level 2. HP: 20/20 MP: 2/7
  1433 | D:2      | Learned a level 2 spell: Searing Ray
  2110 | D:2      | Found the +1 Delatra's gloves {ID++}
  2119 | D:2      | Reached XP level 3. HP: 15/26 MP: 2/8
  2734 | D:3      | Noticed Natasha
  2737 | D:3      | Killed Natasha
  2738 | D:3      | Reached XP level 4. HP: 33/33 MP: 4/10
  2841 | D:3      | Noticed Natasha
  2847 | D:3      | Killed Natasha
  2848 | D:3      | Reached skill level 5 in Conjurations
  3176 | D:3      | Reached XP level 5. HP: 38/38 MP: 3/11
  3307 | D:3      | Noticed Terence
  3322 | D:3      | Killed Terence
  3720 | D:3      | Noticed Sigmund
  3732 | D:3      | Killed Sigmund
  3733 | D:3      | Reached skill level 1 in Short Blades
  3733 | D:3      | Reached XP level 6. HP: 43/45 MP: 4/14
  3869 | D:3      | Noticed Natasha
  3877 | D:3      | Killed Natasha
  5000 | D:4      | Reached XP level 7. HP: 51/51 MP: 10/16
  5216 | D:5      | Entered Level 5 of the Dungeon
  5227 | D:5      | Learned a level 4 spell: Fulminant Prism
  5232 | D:5      | Learned a level 4 spell: Iskenderun's Mystic Blast
  5263 | D:5      | Found Xiwno's Armour Boutique.
  5275 | D:5      | Reached skill level 6 in Conjurations
  5839 | D:5      | Identified the +0 chain mail of Exclusion {+Inv Will+
                  | Stlth+}
  6047 | D:5      | Found a staircase to the Ecumenical Temple.
  6296 | D:6      | Reached skill level 5 in Spellcasting
  6296 | D:6      | Reached skill level 7 in Conjurations
  6308 | D:6      | Learned a level 3 spell: Stone Arrow
  6353 | D:6      | Reached XP level 8. HP: 57/58 MP: 12/19
  6647 | D:6      | Reached skill level 1 in Earth Magic
  7681 | D:7      | Reached skill level 8 in Conjurations
  8020 | D:7      | Reached XP level 9. HP: 62/63 MP: 20/21
  8221 | D:7      | Reached skill level 1 in Shields
  8223 | D:7      | Reached skill level 1 in Fighting
  8559 | D:8      | Found a staircase to the Lair.
  8581 | D:8      | Found Makidghi's Book Shoppe.
  8996 | D:8      | Noticed Erica
  9086 | D:8      | Killed Erica
  9464 | D:8      | Reached skill level 1 in Translocations
  9694 | D:8      | Reached skill level 9 in Conjurations
 10018 | D:9      | Noticed a kobold demonologist
 10020 | D:9      | Noticed a kobold demonologist
 10020 | D:9      | Noticed a kobold demonologist
 10022 | D:9      | Noticed a rust devil
 10044 | D:9      | Noticed a kobold demonologist
 10045 | D:9      | Noticed an orange demon
 10046 | D:9      | Noticed a soul eater
 10047 | D:9      | Killed a kobold demonologist
 10126 | D:8      | Killed a kobold demonologist
 10127 | D:8      | Reached XP level 10. HP: 67/71 MP: 21/25
 10705 | D:9      | Reached skill level 5 in Earth Magic
 10894 | D:9      | Identified the +10 war axe of Floods {venom, rElec rF+ rC-
                  | Dex+3}
 11782 | D:9      | Found Ytieculo's Antique Weapon Emporium.
 11878 | D:9      | Found Bahuet's Weapon Shoppe.
 11895 | D:9      | Found Xesiciekk's Assorted Antiques.
 11903 | D:9      | Bought an ichor-stained leather armour for 203 gold pieces
 11903 | D:9      | Identified the +3 leather armour "Juv Byi" {+Inv rC+++
                  | Stlth-} (You bought it in a shop on level 9 of the Dungeon)
 11975 | D:9      | Found a staircase to the Orcish Mines.
 11987 | Orc:1    | Entered Level 1 of the Orcish Mines
 12003 | Orc:1    | Noticed an orc sorcerer
 12007 | Orc:1    | Killed an orc sorcerer
 12025 | Orc:1    | Noticed Urug
 12030 | Orc:1    | Noticed a kobold blastminer
 12035 | Orc:1    | Killed Urug
 12039 | Orc:1    | Killed a kobold blastminer
 12040 | Orc:1    | Reached skill level 1 in Evocations
 12086 | Orc:1    | Noticed an orc knight
 12139 | Orc:1    | Reached skill level 10 in Conjurations
 12140 | Orc:1    | Noticed Sonja
 12143 | Orc:1    | Noticed a two-headed ogre
 12148 | Orc:1    | Reached XP level 11. HP: 16/78 MP: 17/28
 12153 | Orc:1    | Killed Sonja
 12154 | Orc:1    | Reached skill level 1 in Armour
 12154 | Orc:1    | Killed a two-headed ogre
 12194 | Orc:1    | Killed an orc knight
 12229 | Orc:1    | Found a dark tunnel.
 12238 | Volcano  | Entered a volcano
 12458 | Volcano  | Noticed a salamander mystic
 12485 | Volcano  | Noticed a red draconian
 12495 | Volcano  | Killed a red draconian
 12664 | Volcano  | Killed a salamander mystic
 13003 | Orc:1    | You fall into a shaft and drop 1 floor!
 13003 | Orc:2    | Entered Level 2 of the Orcish Mines
 13643 | Orc:2    | Noticed an orc knight
 13689 | Orc:2    | Reached skill level 1 in Alchemy
 13817 | Orc:2    | an orc knight changed into a faun
 13911 | Orc:2    | Reached skill level 11 in Conjurations
 14013 | Orc:2    | Found a staircase to the Elven Halls.
 14607 | Orc:2    | Reached XP level 12. HP: 75/85 MP: 21/30
 14727 | Orc:2    | Reached skill level 10 in Spellcasting
 14925 | Orc:2    | Found Putoal's Book Shop.
 14925 | Orc:2    | Found Pisakkyf's Distillery.
 14927 | Orc:2    | Found Pubyimm's General Store.
 14929 | Orc:2    | Found Gieg's General Store.
 14936 | Orc:2    | Bought a scroll of teleportation for 39 gold pieces
 14943 | Orc:2    | Bought a book of the Earth for 648 gold pieces
 14950 | Orc:2    | Learned a level 6 spell: Bombard
 15047 | Elf:1    | Entered Level 1 of the Elven Halls
 15389 | Elf:1    | Noticed a deep elf sorcerer
 15391 | Elf:1    | Killed a deep elf sorcerer
 15842 | Elf:1    | Noticed a deep elf death mage
 15862 | Elf:1    | Killed from afar by a deep elf death mage

Illustrated notes

Levels and vault maps discovered:
D:1:      dpeg_arrival_tiny_c, layout_basic
D:2:      layout_basic, hellmonk_ecumenical_altar_defaced_shrine,
          pf_guarded_unrand_delatra
D:3:      layout_rooms, mainiacjoe_overflow_brackets,
          nicolae_gozag_cash_rules_everything_around_me, serial_curves,
          eino_curves_03, eino_curves_03, corexii_hall_statues_i, uniq_natasha,
          uniq_sigmund, uniq_terence
D:4:      nicolae_cairo_tiling_large, layout_cave_pools, kennysheep_mini_moat
D:5:      layout_loops_cross, minmay_temple_entry_nine_rooms, serial_shops,
          shop, minmay_misc_feat_rugged
D:6:      layout_loops_ring, grunt_temple_overflow_open,
          chequers_serial_rivers_small_b, kennysheep_generic_room_14
D:7:      layout_basic, mainiacjoe_overflow_surrounded_room,
          mainiacjoe_overflow_alcove_4, amcnicky_altar_gilded,
          nicolae_elevator_lobby_asterisk
D:8:      nicolae_hitomezashi [nicolae_hito_row, nicolae_hito_row,
          nicolae_hito_row, nicolae_hito_row, nicolae_hito_row,
          nicolae_hito_row, nicolae_hito_row, nicolae_hito_row,
          nicolae_hito_row, nicolae_hito_row, nicolae_hito_row,
          nicolae_hito_row, nicolae_hito_row, nicolae_hito_row,
          nicolae_hito_row, nicolae_hito_row, nicolae_hito_row,
          nicolae_hito_row], layout_gridville, serial_shops, shop, uniq_erica
D:9:      layout_basic, david_orc_4, serial_shops,
          nicolae_shop_tiny_real_fake_doors, nicolae_shop_statue_plus,
          kennysheep_mini
Orc:1:    layout_caves, nicolae_volcano_entry_hallway, uniq_urug, uniq_sonja
Orc:2:    st_orc_rangers, layout_caves, regret_index_minedec_devilstone
Elf:1:    elf_arrival_001, layout_geoelf_grid, ebering_ghost_reflecting_pool,
          kennysheep_underground_church

Skill      XL: |  1  2  3  4  5  6  7  8  9 10 11 12 |
---------------+-------------------------------------+-----
Conjurations   | 4 5 7 8 9 10 11 | 11.8
Stealth        | 2 3 4 |  4.0
Spellcasting   | 2 3 5 7 8 9 10 | 10.7
Dodging        | 2 3 |  3.9
Short Blades   | 1 2 |  2.3
Earth Magic    | 3 4 6 7 8 |  8.4
Shields        | 2 |  2.4
Fighting       | 1 |  1.8
Translocations | 1 2 3 |  3.0
Evocations     | 1 3 4 |  4.0
Armour         | 2 |  2.3
Alchemy        | 1 |  1.0
Axes           | |  0.5
Throwing       | |  0.1

Action                     |  1- 3 |  4- 6 |  7- 9 | 10-12 || total
---------------------------+-------+-------+-------+-------++-------
  Melee: Dagger            |    18 |     8 |       |       ||    26
         Short sword       |       |     1 |    25 |    14 ||    40
         War axe           |       |       |       |     6 ||     6
         Punch             |       |       |       |     1 ||     1
  Throw: Dart              |       |       |       |     2 ||     2
   Cast: Magic Dart        |    66 |    14 |     3 |     4 ||    87
         Searing Ray       |     8 |    48 |    21 |     1 ||    78
         Stone Arrow       |       |       |    93 |   216 ||   309
         Iskenderun's Myst |       |       |     9 |    26 ||    35
         Fulminant Prism   |       |       |     4 |     8 ||    12
         Bombard           |       |       |       |    28 ||    28
  Evoke: Wand              |       |       |       |    14 ||    14
    Use: Scroll            |       |       |     1 |     4 ||     5
         Potion            |       |       |     1 |     2 ||     3
   Stab: Sleeping          |       |       |     1 |       ||     1
 Armour: Robe              |    19 |    35 |    73 |    28 ||   155
         Leather armour    |       |       |       |   105 ||   105
         Scale mail        |       |       |       |     8 ||     8
  Dodge: Dodged            |    26 |    37 |    48 |   106 ||   217
  Block: Other             |       |       |    11 |    49 ||    60
         Reflection        |       |       |     1 |    27 ||    28
